 Dungeon Crawl Stone Soup version 0.20-a0-809-gaf7f668 (webtiles) character file.

1641 Gorglomux the Cleaver (level 8, -19/68 HPs)
             Began as a Deep Dwarf Berserker on Mar 3, 2017.
             Was an Elder of Trog.
             Engulfed by a cloud of flame (34 damage)
             ... on level 5 of the Dungeon.
             The game lasted 00:10:02 (3506 turns).

Gorglomux the Cleaver (Deep Dwarf Berserker)        Turns: 3506, Time: 00:10:03

Health: -19/68     AC:  3    Str: 23    XL:     8   Next: 66%
Magic:  6/6        EV: 13    Int:  8    God:    Trog [****..]
Gold:   186        SH:  9    Dex: 17    Spells: 7/7 levels left

rFire    . . .     SeeInvis .   U - +0 war axe
rCold    . . .     Gourm    .   s - +0 leather armour
rNeg     . . .     Faith    .   V - +1 shield
rPois    .         Spirit   .   (no helmet)
rElec    .         Reflect  .   (no cloak)
rCorr    .         Harm     .   (no gloves)
MR       +++..                  (no boots)
Stlth    +.........             (no amulet)
Regen    1.0/turn               u - +4 ring of evasion
MPRegen  0.1/turn               v - +5 ring of dexterity

@: exhausted, non-regenerating, slowed, very slow
A: damage resistance, heal wounds, sense surroundings 1, no regeneration
a: Heal Wounds, Berserk, Trog's Hand, Brothers in Arms, Burn Spellbooks,
Renounce Religion


You were on level 5 of the Dungeon.
You worshipped Trog.
Trog was greatly pleased with you.
You were very hungry.

You visited 1 branch of the dungeon, and saw 5 of its levels.

You collected 186 gold pieces.

Inventory:

Hand Weapons
 a - a +0 hand axe
 U - a +0 war axe (weapon)
Missiles
 e - 242 stones (quivered)
 f - 41 poisoned needles
 Y - 2 exploding tomahawks
Armour
 b - a +0 animal skin
 s - a +0 leather armour (worn)
 V - a +1 shield (worn)
Jewellery
 u - a +4 ring of evasion (right hand)
 v - a +5 ring of dexterity (left hand)
Wands
 P - a wand of flame (29/48)
Scrolls
 k - 2 scrolls of enchant armour
 m - a scroll of immolation
 o - 2 scrolls of blinking {unknown}
 O - a scroll of recharging {unknown}
 R - 2 scrolls of remove curse {unknown}
 S - 2 scrolls of fear {unknown}
 T - 2 scrolls of enchant weapon {unknown}
 Z - a scroll of teleportation {unknown}
Potions
 g - 2 potions of agility
 h - 3 potions of curing
 l - a potion of ambrosia
 r - a potion of haste
 Q - a potion of flight
 W - a potion of mutation
Comestibles
 c - 3 bread rations
 i - 4 meat rations
 X - a royal jelly


   Skills:
 - Level 2.6 Fighting
 + Level 12.2 Axes
 - Level 2.1 Armour
 - Level 2.1 Dodging


You had 7 spell levels left.
You didn't know any spells.

Dungeon Overview and Level Annotations

Branches:
Dungeon (5/15)
 Temple: D:4-7

Altars:
Ashenzari
Fedhas
Gozag
Nemelex Xobeh
Qazlal


Innate Abilities, Weirdness & Mutations

You are resistant to damage.
You can heal yourself by infusing magical energy.
You passively map a small area around you.
You do not regenerate.


Message History

The fiery explosion engulfs something.
The fiery explosion engulfs Prince Ribbit.
Prince Ribbit is severely wounded.
The fiery explosion engulfs you!
* * * LOW HITPOINT WARNING * * *
Trog accepts your kill.
Trog appreciates your killing of a magic user.
Reactivating autopickup.
You feel a bit more experienced.
The fiery explosion engulfs Prince Ribbit.
Prince Ribbit explodes!
Trog accepts your kill.
Trog appreciates your killing of a magic user.
Your Axes skill increases to level 12!
The fiery explosion engulfs you!
* * * LOW HITPOINT WARNING * * *
Trog accepts your kill.
You are engulfed in blazing flames.
Ouch! That really hurt!
You die...

, .......#.##*##*
..........##. ,, ,
............, ,
............, ,, , *
.......§§§. , , *
......(.§§§, *
##......§§§# *.# ,
#.(.....§§@# #.# * , ,
#........(.# #.#
#..........# #.#
#..........# #[#
#..........###.######
#...................
*#####.......#.......###
*..........###.......#
..........##........#


There were no monsters in sight!

Vanquished Creatures
  The ghost of nht the Carver, a novice MfFi (D:3)
  The ghost of nht the Insei, a novice OpTm (D:5)
  Prince Ribbit (D:5)
  Sigmund (D:3)
  A sky beast (D:3)
  A bullfrog (D:4)
  Blork the orc (D:4)
  A scorpion (D:4)
  A howler monkey (D:4)
  A vampire bat (D:3)
  3 orc wizards
  2 orc priests
  A hound (D:4)
  Natasha (thrice) (D:4)
  A worker ant (D:4)
  2 adders
  A worm (D:2)
  A dart slug (D:3)
  6 leopard geckos
  13 orcs
  2 giant cockroaches (D:3)
  10 goblins
  9 hobgoblins
  7 jackals
  3 quokkas
  4 ball pythons
  13 bats
  5 frilled lizards
  7 kobolds
  9 rats
112 creatures vanquished.

Notes
Turn   | Place    | Note
-------+----------+-------------------------------------------
     0 | D:1      | Gorglomux the Deep Dwarf Berserker began the quest for the Orb.
     0 | D:1      | Reached XP level 1. HP: 20/20 MP: 1/1
   208 | D:1      | Reached skill level 4 in Axes
   208 | D:1      | Reached XP level 2. HP: 18/27 MP: 2/2
   883 | D:1      | Reached ** piety under Trog
   929 | D:2      | HP: 1/27 [quokka (4)]
  1014 | D:2      | Reached XP level 3. HP: 33/33 MP: 3/3
  1280 | D:2      | Reached skill level 5 in Axes
  2069 | D:3      | Reached XP level 4. HP: 15/40 MP: 4/4
  2111 | D:3      | Noticed nht's ghost (novice MfFi)
  2131 | D:3      | Killed nht's ghost
  2131 | D:3      | Reached skill level 7 in Axes
  2131 | D:3      | Reached XP level 5. HP: 46/46 MP: 4/4
  2131 | D:3      | Reached XP level 6. HP: 55/55 MP: 5/5
  2151 | D:3      | Noticed a sky beast
  2167 | D:3      | Reached skill level 8 in Axes
  2179 | D:3      | Killed a sky beast
  2322 | D:3      | Reached *** piety under Trog
  2372 | D:3      | Found a blossoming altar of Fedhas.
  2372 | D:3      | Found a sparkling altar of Nemelex Xobeh.
  2490 | D:3      | Noticed Sigmund
  2502 | D:3      | Killed Sigmund
  2502 | D:3      | Reached skill level 9 in Axes
  2502 | D:3      | Reached XP level 7. HP: 61/61 MP: 6/6
  2796 | D:4      | Noticed Blork the orc
  2817 | D:4      | Killed Blork the orc
  2817 | D:4      | Reached skill level 10 in Axes
  2858 | D:4      | Noticed Natasha
  2924 | D:4      | Found a stormy altar of Qazlal.
  2953 | D:4      | Reached **** piety under Trog
  2958 | D:4      | Reached XP level 8. HP: 47/68 MP: 6/6
  3016 | D:4      | Killed Natasha
  3234 | D:4      | Noticed Natasha
  3238 | D:4      | Killed Natasha
  3238 | D:4      | Reached skill level 11 in Axes
  3245 | D:4      | Found a shattered altar of Ashenzari.
  3308 | D:4      | Noticed Natasha
  3316 | D:4      | Killed Natasha
  3336 | D:4      | Found an opulent altar of Gozag.
  3426 | D:5      | Entered Level 5 of the Dungeon
  3490 | D:5      | Noticed nht's ghost (novice OpTm)
  3498 | D:5      | Killed nht's ghost
  3502 | D:5      | Noticed Prince Ribbit
  3506 | D:5      | Killed Prince Ribbit
  3506 | D:5      | Reached skill level 12 in Axes
  3506 | D:5      | Engulfed by a cloud of flame

Vault maps used:
D:1:      roderic_octagonal_star, minmay_split_cup_small
D:2:      first_bread, roderic_serpentine_path
D:3:      gammafunk_temple_overflow_pools, roderic_batcave, uniq_sigmund
D:4:      kennysheep_mini_moat, grunt_gozag_breadcrumbs, grunt_qazlal_sundering,
          uniq_natasha, uniq_blork_the_orc
D:5:      kennysheep_little_box, chequers_temple_overflow_minitemple,
          xom_redecorated, uniq_prince_ribbit1

Skill      XL: |  1  2  3  4  5  6  7  8 |
---------------+-------------------------+-----
Axes           | 4 5 7 9 10 12 | 12.2
Fighting       | |  2.6
Armour         | |  2.1
Dodging        | |  2.1

Action                   |  1- 3 |  4- 6 |  7- 9 || total
-------------------------+-------+-------+-------++-------
Melee: Hand axe          |   127 |    56 |    11 ||   194
       War axe           |       |       |    79 ||    79
Throw: Stone             |    10 |       |       ||    10
       Javelin           |     1 |     8 |     6 ||    15
Invok: Berserk           |     7 |     4 |     3 ||    14
       Trog's Hand       |       |     2 |     2 ||     4
 Abil: Heal Wounds       |     1 |     1 |     2 ||     4
  Use: Scroll            |       |     4 |     5 ||     9
       Potion            |       |     1 |       ||     1
 Stab: Sleeping          |     3 |       |       ||     3
  Eat: Chunk             |     8 |     7 |     6 ||    21
Armor: Animal skin       |    20 |       |       ||    20
       Leather armour    |     1 |    10 |    11 ||    22
Dodge: Dodged            |    84 |    26 |    56 ||   166
Block: Shield            |       |       |    24 ||    24
